 Dungeon Crawl Stone Soup version 0.26-a0-524-g073066f631 (webtiles) character file.

Game seed: 358057632099045009

97 ANON1729 the Insei (level 4, -2/33 HPs)
             Began as a Demonspawn Transmuter on Aug 13, 2020.
             Slain by a kobold
             ... wielding a +0 whip of electrocution
              (13 damage)
             ... on level 2 of the Dungeon.
             The game lasted 00:02:22 (2255 turns).

ANON1729 the Insei (Demonspawn Transmuter)          Turns: 2255, Time: 00:02:23

Health: -2/33      AC:  2    Str: 11    XL:     4   Next: 42%
Magic:  6/7        EV: 12    Int: 15    God:
Gold:   122        SH:  4    Dex: 13    Spells: 2/8 levels left

rFire    . . .     SeeInvis .     - Unarmed
rCold    + . .     Faith    .   (no shield)
rNeg     . . .     Spirit   .   a - +0 robe
rPois    .         Reflect  .   (helmet currently unavailable)
rElec    .         Harm     .   (no cloak)
rCorr    .                      (no gloves)
MR       .....                  (boots currently unavailable)
Stlth    +.........             (no amulet)
HPRegen  0.11/turn              (no ring)
MPRegen  0.10/turn              (no ring)

@: appendages (expiring)
A: horns 2, talons 2, large bone plates 1, cold resistance 1
a: End Transformation


You were on level 2 of the Dungeon.
You had grown temporary horns.
You had grown temporary talons.
You visited 1 branch of the dungeon, and saw 2 of its levels.

You collected 122 gold pieces.

Inventory:

Armour
 a - a +0 robe (worn)
Scrolls
 b - 8 scrolls of identify {unknown}
 e - 3 scrolls of magic mapping {unknown}
 g - 2 scrolls of remove curse {unknown}
 l - a scroll of random uselessness {unknown}
Potions
 c - a potion of flight {unknown}
 d - a potion of degeneration {unknown}
 f - a potion of lignification {unknown}
 h - a potion of curing {unknown}
 i - a potion of brilliance {unknown}
 j - a potion of magic {unknown}
 k - a potion of cancellation {unknown}


   Skills:
 + Level 1.9 Fighting
 + Level 2.3 Dodging
 * Level 3.3 Unarmed Combat
 + Level 2.6 Spellcasting
 * Level 2.4 Transmutations


You had 2 spell levels left.
You knew the following spells:

 Your Spells              Type           Power        Failure   Level
a - Beastly Appendage     Tmut           #.....       8%          1
b - Wereblood             Tmut           #.......     12%         2
c - Spider Form           Tmut/Pois      #.........   36%         3

Your spell library contained the following spells:

 Spells                   Type           Power        Failure   Level
 Ice Form                 Ice/Tmut       #.......     77%         4
 Blade Hands              Tmut           #.........   91%         5


Dungeon Overview and Level Annotations

Branches:
Dungeon (2/15)

Altars:
Nemelex Xobeh


Innate Abilities, Weirdness & Mutations

You are partially covered in large bone plates. (SH +4)
Your flesh is cold resistant. (rC+)
You have a pair of horns on your head.
You have razor-sharp toenails.


Message History

Casting: Beastly Appendage (safe; 8% risk of failure)
Confirm with . or Enter, or press ? or * to list all spells.
You grow a pair of large bovine horns.
Your feet morph into talons.
The kobold throws a stone.
The stone hits you but does no damage.
The kobold throws a stone.
You block the stone.
A leopard gecko comes into view.
You see here a stone.
The leopard gecko closely misses you.
You closely miss the leopard gecko. The leopard gecko bites you.
You hit the leopard gecko.
You kill the leopard gecko!
You miss the kobold. The kobold misses you.
You closely miss the kobold. You claw the kobold, but do no damage.
Your transformation is almost over.
The kobold hits you with a +0 whip of electrocution.
You hit the kobold.
The kobold is heavily wounded.
The kobold hits you with a +0 whip of electrocution.
You are electrocuted!
You die...

...
######.(.(......#
.(.
##......††.......#
...
##..####.†(.......#
.
..........(.......#
.)..#.......#.....#
.#......#...)......#
....#.....#........#
#....#..(.#.......#
.#K@(#[..#######
#.†#..#...#
#.#.#.#.#.## #.
#.##.##.# # ##
###.## ##.# #[## ###


You could see a kobold.

Vanquished Creatures
  A gnoll (D:1)
  3 oozes (D:2)
  A worm (D:2)
  2 dart slugs (D:1)
  3 leopard geckos
  12 bats
  4 giant cockroaches
  5 goblins
  6 hobgoblins
  5 jackals (D:2)
  A quokka (D:2)
  4 frilled lizards (D:2)
  9 kobolds
  3 rats (D:1)
59 creatures vanquished.

Notes
Turn   | Place    | Note
-------+----------+-------------------------------------------
     0 | D:1      | ANON1729 the Demonspawn Transmuter began the quest for the
                  | Orb.
     0 | D:1      | Reached XP level 1. HP: 15/15 MP: 3/3
    51 | D:1      | Gained mutation: You are partially covered in large bone
                  | plates. (SH +4) [demonic ancestry]
    51 | D:1      | Reached XP level 2. HP: 4/21 MP: 3/5
   917 | D:1      | Reached skill level 3 in Unarmed Combat
   917 | D:1      | Reached XP level 3. HP: 6/26 MP: 4/6
  1382 | D:1      | Learned a level 2 spell: Wereblood
  1398 | D:1      | Learned a level 3 spell: Spider Form
  2019 | D:2      | Gained mutation: Your flesh is cold resistant. (rC+)
                  | [demonic ancestry]
  2019 | D:2      | Reached XP level 4. HP: 31/33 MP: 5/7
  2174 | D:2      | Found a sparkling altar of Nemelex Xobeh.
  2255 | D:2      | Slain by a kobold

Illustrated notes

Levels and vault maps discovered:
D:1:      lemuel_arrival_lava_pool, layout_basic
D:2:      layout_rooms, nicolae_overflow_crystal_walls,
          minmay_increasing_density

Skill      XL: |  1  2 |
---------------+-------+-----
Dodging        | 2 |  2.3
Transmutations | 2 |  2.4
Unarmed Combat | 3 |  3.3
Fighting       | |  1.9
Spellcasting   | |  2.6

Action                   |  1- 3 |  4- 6 || total
-------------------------+-------+-------++-------
Melee: Unarmed           |   118 |    58 ||   176
       Kick              |    17 |     4 ||    21
       Headbutt          |    10 |     3 ||    13
 Cast: Beastly Appendage |    15 |     4 ||    19
 Stab: Sleeping          |     1 |     1 ||     2
Armor: Robe              |    35 |    10 ||    45
Dodge: Dodged            |    74 |    34 ||   108
Block: Other             |    21 |     9 ||    30

Table legend: (Time is in decaauts)
 A = Elapsed time spent in this place.
 B = Non-inter-level travel time spent in this place.
 C = Inter-level travel time spent in this place.
 D = Time resting spent in this place.
 E = Time spent auto-exploring this place.
 F = Levels seen in this place.
 G = Mean time per level.
                   A        B        C        D        E       F      G
               +--------+--------+--------+--------+--------+-----+--------+
         Total |   2244 |   2221 |     23 |   1184 |    692 |   2 | 1122.0 |
       Dungeon |   2244 |   2221 |     23 |   1184 |    692 |   2 | 1122.0 |
               +--------+--------+--------+--------+--------+-----+--------+

Top non-repeatable levels by time:
     D:1: 1639 daAuts
     D:2: 605 daAuts
